 Dungeon Crawl Stone Soup version 0.26.1-2-gb8aa6d0cf2 (webtiles) character file.

Game seed: 1018941892609066477

60 Cassim the Caller (level 4, -5/32 HPs)
             Began as a Human Summoner on Mar 24, 2021.
             Slain by Natasha (6 damage)
             ... on level 2 of the Dungeon on Mar 25, 2021.
             The game lasted 00:22:02 (1377 turns).

Cassim the Caller (Human Summoner)                  Turns: 1377, Time: 00:22:03

Health: -5/32      AC:  3    Str:  9    XL:     4   Next: 25%
Magic:  1/7        EV: 12    Int: 16    God:
Gold:   89         SH:  0    Dex: 13    Spells: 4/8 levels left

rFire    . . .     SeeInvis .   d - +0 hunting sling
rCold    . . .     Faith    .   (no shield)
rNeg     . . .     Spirit   .   b - +0 leather armour (curse)
rPois    .         Reflect  .   (no helmet)
rElec    .         Harm     .   (no cloak)
rCorr    .         Rampage  .   (no gloves)
Will     .....                  (no boots)
Stlth    ++........             (no amulet)
HPRegen  0.10/turn              (no ring)
MPRegen  0.10/turn              (no ring)

@: slowed, very slow
A: no striking features
a: no special abilities


You were on level 2 of the Dungeon.
You visited 1 branch of the dungeon, and saw 2 of its levels.

You collected 89 gold pieces.

Inventory:

Hand Weapons
 c - a +0 dagger
 d - a +0 hunting sling (weapon)
 p - a cursed -1 dagger
Missiles
 e - 5 sling bullets (quivered ammo)
 i - 63 stones
 m - 23 poisoned darts
Armour
 a - a +0 robe
 b - a cursed +0 leather armour (worn)
Jewellery
 g - an uncursed ring of resist corrosion {unknown}
Scrolls
 k - 2 scrolls of identify {unknown}
 l - a scroll of enchant weapon {unknown}
 n - a scroll of fog {unknown}
 o - a scroll of teleportation {unknown}


   Skills:
 + Level 1.4 Fighting
 - Level 2.0 Dodging
 - Level 2.0 Stealth
 + Level 2.5 Spellcasting
 * Level 4.8 Summonings


You had 4 spell levels left.
You knew the following spells:

 Your Spells              Type           Power        Failure   Level
a - Summon Small Mammal   Summ           68%          3%          1
b - Call Canine Familiar  Summ           17%          12%         3

Your spell library contained the following spells:

 Spells                   Type           Power        Failure   Level
 Call Imp                 Summ           17%          6%          2
 Summon Guardian Golem    Hex/Summ       9%           30%         3
 Summon Ice Beast         Ice/Summ       9%           71%         4
 Summon Lightning Spire   Summ/Air       9%           71%         4


Dungeon Overview and Level Annotations

Branches:
Dungeon (2/15)

Altars:

Annotations:
D:2 Natasha


Message History

You don't have enough magic to cast that spell.
Blink to where?
Press: ? - help, Dir - move target, p - Natasha
As you read the scroll labelled VEK WICUTHI, it crumbles to dust.
It was a scroll of blinking.
The quokka bites you.
* * * LOW HITPOINT WARNING * * *
The quokka bites you.
* * * LOW HITPOINT WARNING * * *
Your magical contamination has completely faded away.
Casting: Call Canine Familiar (quite dangerous; 12% risk of failure)
Confirm with . or Enter, or press ? or * to list all spells.
You don't have enough magic to cast that spell.
Unknown command.
As you read the scroll labelled ECYCHU KIADAYT, it crumbles to dust.
The dust glows luminous magenta!
It was a scroll of random uselessness.
The quokka bites you.
* * * LOW HITPOINT WARNING * * *
Natasha claws you.
You die...

#....#..# #(# #....#..# ...
#(# #.......###.. #S#
....#(..#.... ####r#
....#...#.#.# ####..#h#
....#...#.#.### ####.#.#.#h#
..###...#.#...####.#..#...#.#
.. #...#..####.#..÷#...#.#.#
.. #.††.÷......@r#.÷.#§.(.(#
. ###†..#######.#hS.#...#.###
#..†........####.#..#...#
#.##..#####. ####.#.#.# #.
##.# ####).# # #.# #### #>.
####


You could see Natasha, an adder and a quokka.

Vanquished Creatures
  An adder (D:2)
  A dart slug (D:1)
  3 leopard geckos
  2 giant cockroaches (D:1)
  6 goblins
  6 hobgoblins
  A jackal (D:1)
  2 kobolds
  3 bats (D:1)
  A frilled lizard (D:2)
  2 rats (D:1)
28 creatures vanquished.

Vanquished Creatures (collateral kills)
  An adder (D:2)
  A dart slug (D:1)
  A leopard gecko (D:1)
  2 giant cockroaches (D:2)
  A hobgoblin (D:1)
  3 jackals (D:1)
  2 bats (D:2)
  A kobold (D:2)
12 creatures vanquished.

Grand Total: 40 creatures vanquished

Notes
Turn   | Place    | Note
-------+----------+-------------------------------------------
     0 | D:1      | Cassim the Human Summoner began the quest for the Orb.
     0 | D:1      | Reached XP level 1. HP: 13/13 MP: 3/3
   238 | D:1      | Reached XP level 2. HP: 20/20 MP: 5/5
   599 | D:1      | Reached skill level 1 in Fighting
   705 | D:1      | Reached XP level 3. HP: 26/26 MP: 6/6
   795 | D:1      | Learned a level 3 spell: Call Canine Familiar
  1156 | D:2      | Reached XP level 4. HP: 30/32 MP: 0/7
  1344 | D:2      | Noticed Natasha
  1377 | D:2      | HP: 1/32 [quokka (3)]
  1377 | D:2      | Slain by Natasha

Illustrated notes

Levels and vault maps discovered:
D:1:      nzn_arrival_water_spiral, layout_loops_ring
D:2:      minmay_spotlight, layout_basic, minmay_misc_feat_doors, uniq_natasha

Skill      XL: |  1  2 |
---------------+-------+-----
Fighting       | 1 |  1.4
Dodging        | |  2.0
Stealth        | |  2.0
Spellcasting   | |  2.5
Summonings     | |  4.8

Action                   |  1- 3 |  4- 6 || total
-------------------------+-------+-------++-------
Melee: Dagger            |     4 |       ||     4
 Fire: Hunting sling     |    67 |    13 ||    80
 Cast: Summon Small Mamm |    11 |       ||    11
       Call Canine Famil |     6 |     2 ||     8
  Use: Scroll            |     1 |     3 ||     4
 Stab: Distracted        |     1 |       ||     1
Armor: Leather armour    |     4 |       ||     4
Dodge: Dodged            |    34 |     1 ||    35
